 Dungeon Crawl Stone Soup version 0.19-a0-19-gf75ed07 (webtiles) character file.

189 M4edhros the Insei (level 5, 0/39 HPs)
             Began as a Vampire Monk on Apr 30, 2016.
             Was a Believer of Okawaru.
             Slain by a phantom (8 damage)
             ... on level 5 of the Dungeon.
             The game lasted 00:04:13 (1020 turns).

M4edhros the Insei (Vampire Monk)                   Turns: 1020, Time: 00:04:14

Health: 0/39       AC:  4    Str: 11    XL:     5   Next: 40%
Magic:  5/5        EV: 13    Int: 12    God:    Okawaru [**....]
Gold:   87         SH:  4    Dex: 17    Spells: 0 memorised, 4 levels left

rFire  . . .     SeeInvis +       - Unarmed
rCold  . . .     Gourm    .     a - +0 robe
rNeg   . . .     Faith    .     h - +0 buckler
rPois  .         Spirit   .     (no helmet)
rElec  .         Dismiss  .     k - +1 cloak
rCorr  .         Reflect  .     (no gloves)
SustAt .         Harm     .     (no boots)
MR     .....     Rnd*Tele +     (no amulet)
Stlth  +++.......               (no ring)
                                n - ring of teleportation (curse)

@: regenerating very quickly, not resistant to hostile enchantments, fairly
stealthy
A: fangs 3, see invisible, unbreathing
a: Heroism, Renounce Religion


You were on level 5 of the Dungeon.
You worshipped Okawaru.
Okawaru was pleased with you.
You were almost alive.

You visited 1 branch of the dungeon, and saw 5 of its levels.

You collected 87 gold pieces.

Inventory:

Armour
 a - a +0 robe (worn)
 h - a +0 buckler (worn)
 k - a +1 cloak (worn)
Jewellery
 n - a cursed ring of teleportation (left hand)
Scrolls
 b - 2 scrolls of random uselessness {unknown}
 c - 2 scrolls of immolation {unknown}
 f - 2 scrolls of blinking
 j - 2 scrolls of magic mapping
 l - 2 scrolls of remove curse
 m - 3 scrolls of fog
 o - a scroll of noise {unknown}
Potions
 e - 5 potions of blood
 g - 2 potions of curing
 i - a potion of cure mutation


   Skills:
 - Level 2.6 Fighting
 - Level 3.2 Dodging
 - Level 3.0 Stealth
 + Level 7.4 Unarmed Combat


You had 4 spell levels left.
You didn't know any spells.

Dungeon Overview and Level Annotations

Branches:
Dungeon (5/15)
 Temple: D:4-7

Altars:
Makhleb
Okawaru
Yredelemnul


Innate Abilities, Weirdness & Mutations

Your natural rate of healing is extremely fast.
You have razor-sharp teeth.
You have supernaturally acute eyesight.
You can survive without breathing.


Message History

The phantom is severely damaged.
The phantom blinks!
You swing at nothing.
You swing at nothing.
You barely miss the phantom.
The phantom is severely damaged.
You barely miss the phantom.
The phantom is severely damaged.
The phantom blinks!
You hit the phantom.
The phantom is severely damaged.
The phantom hits you but does no damage.
You barely miss the phantom.
The phantom is severely damaged.
The phantom hits you!
* * * LOW HITPOINT WARNING * * *
You closely miss the phantom.
The phantom is severely damaged.
The phantom hits you!
You die...

#...# #...#####
#####......#
#∩###...>#.#
._..#.##.#.##
...##.......#
).....##.#..#
)........#..#########
#...........#..W@...#
##.......##.#.#####.#
#....##.##......##.#
##..#.##.####.##.##.#
.#.......# #.......#
.#.......# ####.####
<#.......# #....#
.#.......# #.####
.#.......# #.#


You could see a phantom.

Vanquished Creatures
  2 hounds (D:5)
  An orc priest (D:5)
  2 giant frog skeletons (D:4)
  An adder (D:2)
  An ooze (D:4)
  A worm (D:4)
  A giant gecko (D:1)
  4 orcs (D:5)
  A bat (D:1)
  A giant cockroach (D:5)
  4 goblins
  A hobgoblin (D:1)
  4 jackals (D:1)
  5 rats
29 creatures vanquished.

Notes
Turn   | Place    | Note
--------------------------------------------------------------
     0 | D:1      | M4edhros the Vampire Monk began the quest for the Orb.
     0 | D:1      | Reached XP level 1. HP: 17/17 MP: 1/1
   140 | D:1      | Reached XP level 2. HP: 17/23 MP: 2/2
   141 | D:1      | Reached skill level 5 in Unarmed Combat
   296 | D:2      | Found an iron altar of Okawaru.
   296 | D:2      | Found a basalt altar of Yredelemnul.
   306 | D:2      | Became a worshipper of Warmaster Okawaru
   306 | D:2      | Reached * piety under Okawaru
   306 | D:2      | Reached ** piety under Okawaru
   561 | D:4      | Reached XP level 3. HP: 19/28 MP: 3/3
   599 | D:4      | Reached skill level 6 in Unarmed Combat
   599 | D:4      | Reached XP level 4. HP: 30/34 MP: 4/4
   677 | D:5      | Entered Level 5 of the Dungeon
   709 | D:5      | Found a burning altar of Makhleb.
   725 | D:5      | Reached skill level 7 in Unarmed Combat
   725 | D:5      | Reached XP level 5. HP: 39/39 MP: 5/5
   828 | D:5      | Noticed a phantom
   988 | D:5      | Noticed a phantom
  1020 | D:5      | Slain by a phantom

Vault maps used:
D:1:      minmay_arrival_diagonal_passages
D:2:      marbit_many_paths, lemuel_blue_sif_altar,
          amethyst_overflow_temple_binary, first_bread
D:3:      overflow_temple_1_default, minivault_5
D:4:      temple_green, kennysheep_decorative_pillar
D:5:      makhleb_heckhound_becter, lemuel_crystal_altar

Skill      XL: |  1  2  3  4 |
---------------+-------------+-----
Unarmed Combat | 5 6 7 |  7.4
Fighting       | |  2.6
Dodging        | |  3.2
Stealth        | |  3.0

Action                   |  1- 3 |  4- 6 || total
-------------------------+-------+-------++-------
Melee: Unarmed           |    80 |    71 ||   151
       Bite              |     6 |     4 ||    10
       Punch             |     1 |       ||     1
  Use: Potion            |     8 |     7 ||    15
       Scroll            |       |     4 ||     4
 Stab: Sleeping          |     1 |     2 ||     3
Armor: Robe              |    17 |    12 ||    29
Dodge: Dodged            |    63 |    22 ||    85
Block: Buckler           |     6 |     7 ||    13
